 Dungeon Crawl Stone Soup version 0.30-a0-949-g53dc5368d7 (webtiles) character file.

Game seed: 8107765743413157089

19 Zenkrye the Poker (level 2, 0/24 HPs)
             Began as a Human Cinder Acolyte on Mar 27, 2023.
             Was a High Priest of Ignis.
             Slain by a hobgoblin (2 damage)
             ... on level 2 of the Dungeon.
             The game lasted 00:01:57 (989 turns).

Zenkrye the Poker (Human Cinder Acolyte)             Turns: 989, Time: 00:01:57

Health: 0/24       AC:  2    Str: 14    XL:     2   Next: 95%
Magic:  1/3        EV: 11    Int: 14    God:    Ignis [*****.]
Gold:   47         SH:  0    Dex:  8    Spells: 1/3 levels left

rFire   + . .      SeeInvis .    a - -1 spear (flame)
rCold   . . .      Faith    .    (no shield)
rNeg    . . .      Spirit   .    b - +0 robe
rPois   .          Reflect  .    (no helmet)
rElec   .          Rampage  .    (no cloak)
rCorr   .                        (no gloves)
Will    .....                    (no boots)
Stlth   +                        (no amulet)
HPRegen 0.24/turn                (no ring)
MPRegen 0.08/turn                (no ring)

@: no status effects
A: no striking features
a: Renounce Religion, Fiery Armour, Foxfire Swarm, Rising Flame


You were on level 2 of the Dungeon.
You worshipped Ignis.
Ignis was extremely pleased with you.
You visited 1 branch of the dungeon, and saw 2 of its levels.

You collected 47 gold pieces.

Inventory:

Hand Weapons
 a - a -1 spear of flaming (weapon)
Missiles
 j - 5 atropa-tipped darts (quivered)
 k - 3 boomerangs of dispersal
Armour
 b - a +0 robe (worn)
 e - a +0 scale mail
 l - a +0 cloak
Wands
 i - a wand of polymorph (5)
Scrolls
 g - a scroll of fog
 o - a scroll of enchant armour {unknown}
Potions
 c - a potion of might {unknown}
 d - a potion of berserk rage {unknown}
 f - a potion of haste {unknown}
 h - a potion of heal wounds {@q2}
 m - a potion of degeneration {unknown}
 n - a potion of magic


   Skills:
 - Level 3.0 Fighting
 + Level 3.9 Polearms
 - Level 1.0 Spellcasting
 - Level 3.0 Fire Magic


You had one spell level left.
You knew the following spells:

 Your Spells              Type           Power      Damage    Failure   Level
a - Scorch                Fire           18%        2d5       12%         2

Your spell library contained the following spells:

 Spells                   Type           Power      Damage    Failure   Level
 Blink                    Tloc           0%         N/A       36%         2
 Lesser Beckoning         Tloc           0%         N/A       36%         2
 Momentum Strike          Conj/Tloc      0%         3d8       36%         2


Dungeon Overview and Level Annotations

Branches:
Dungeon (2/15)

Altars:


Message History

The hobgoblin shouts! x2
A quokka comes into view.
You reach to attack!
You barely miss the hobgoblin.
You reach to attack!
You barely miss the hobgoblin. You hit the hobgoblin but do no damage.
The hobgoblin hits you. The hobgoblin attacks as you move away!
The hobgoblin hits you. The hobgoblin attacks as you move away!
The hobgoblin hits you. The hobgoblin attacks as you move away!
The hobgoblin misses you.
You barely miss the hobgoblin. The hobgoblin hits you.
You are too injured to fight recklessly!
You are too injured to fight recklessly!
You are too injured to fight recklessly!
You are too injured to fight recklessly!
You are too injured to fight recklessly!
You hit the hobgoblin. You burn the hobgoblin.
You kill the hobgoblin!
You hit the hobgoblin. You burn the hobgoblin.
The hobgoblin is heavily wounded.
The hobgoblin hits you.
You barely miss the hobgoblin.
The hobgoblin is heavily wounded.
The hobgoblin hits you.
You hit the hobgoblin but do no damage.
The hobgoblin is heavily wounded.
The hobgoblin hits you.
* * * LOW HITPOINT WARNING * * *
Casting: Scorch (safe; 12% risk of failure)
Confirm with . or Enter, or press ? or * to list all spells.
Flames lash the quokka.
The quokka is severely wounded.
The quokka's fire resistance burns away.
The hobgoblin barely misses you.
You hit the hobgoblin but do no damage.
The hobgoblin is heavily wounded.
The hobgoblin hits you.
* * * LOW HITPOINT WARNING * * *
You closely miss the hobgoblin.
The hobgoblin is heavily wounded.
The hobgoblin hits you.
You die...

.................
#^######.##..... #.# #...#
.... #.#####...# #.## .
.........###.# ...
###..........# ####.....
#..........# ##.r.r....
#.........########.#.#.....
####.........@gr..###.. ...
#...###########.# #... .
#...# #.. ..... ##### #.#
.... .# ... # ###


You could see a quokka (combustible) and a hobgoblin.

Vanquished Creatures
  A worm (D:2)
  A dart slug (D:2)
  2 endoplasms (D:2)
  A goblin (D:2)
  3 hobgoblins (D:2)
  A quokka (D:2)
  A bat (D:1)
  2 frilled lizards (D:1)
  2 rats (D:1)
14 creatures vanquished.

Vanquished Creatures (others)
  6 plants (D:1)
6 creatures vanquished.

Grand Total: 20 creatures vanquished

Notes
Turn   | Place    | Note
-------+----------+-------------------------------------------
     0 | D:1      | Zenkrye the Human Cinder Acolyte began the quest for the
                  | Orb.
     0 | D:1      | Reached XP level 1. HP: 18/18 MP: 2/2
   787 | D:2      | Reached XP level 2. HP: 24/24 MP: 3/3
   792 | D:1      | Learned a level 2 spell: Scorch
   988 | D:2      | HP: 1/24 [hobgoblin (3)]
   989 | D:2      | Slain by a hobgoblin

Illustrated notes

Levels and vault maps discovered:
D:1:      roderic_crop_circles_arrival_small, layout_loops_ring
D:2:      layout_loops_ring

Action                     || total
---------------------------++-------
  Melee: Spear             ||    58
         Punch             ||     1
   Cast: Scorch            ||     2
    Use: Scroll            ||     6
   Stab: Sleeping          ||     1
 Armour: Robe              ||     3
  Dodge: Dodged            ||    12

Table legend: (Time is in decaauts)
 A = Elapsed time spent in this place.
 B = Non-inter-level travel time spent in this place.
 C = Inter-level travel time spent in this place.
 D = Time resting spent in this place.
 E = Time spent auto-exploring this place.
 F = Levels seen in this place.
 G = Mean time per level.
                   A        B        C        D        E       F      G
               +--------+--------+--------+--------+--------+-----+--------+
         Total |    985 |    973 |     12 |     11 |    790 |   2 |  492.5 |
       Dungeon |    985 |    973 |     12 |     11 |    790 |   2 |  492.5 |
               +--------+--------+--------+--------+--------+-----+--------+

Top non-repeatable levels by time:
     D:1: 786 daAuts
     D:2: 198 daAuts
